 Dungeon Crawl Stone Soup version 0.28.0-53-g5a82cb258f (webtiles) character file.

Game seed: 16245214773971508125

3106 DungeonMaster the Stinger (level 9, -2/53 (57) HPs)
             Began as a Demonspawn Hedge Wizard on July 1, 2022.
             Was an Initiate of Gozag.
             Slain by a vampire (4 damage)
             ... on level 7 of the Dungeon.
             The game lasted 00:24:38 (10814 turns).

DungeonMaster the Stinger (DsWz)                   Turns: 10814, Time: 00:24:38

HP:   -2/53 (57)    AC: 13    Str: 11    XL:     9   Next: 60%
MP:   0/16          EV: 12    Int: 19    God:    Gozag
Gold: 532           SH:  0    Dex: 19    Spells: 12/17 levels left

rFire   + . .      SeeInvis .   a - +2 dagger (elec)
rCold   + . .      Faith    .   (no shield)
rNeg    . . .      Spirit   +   s - +1 robe {rC+ rF+}
rPois   .          Reflect  .   o - +1 helmet
rElec   .          Harm     .   (no cloak)
rCorr   .          Rampage  .   D - +1 pair of gloves
Will    .....                   (no boots)
Stlth   ++........              F - amulet of magic regeneration
HPRegen 0.17/turn               b - +6 ring of dexterity
MPRegen 0.70/turn               (no ring)

@: sanguine armoured, hasted, drained, very quick
A: claws 1, powered by death 1, magic shield, magic regeneration, sanguine
armour 1
a: Renounce Religion, Potion Petition, Call Merchant, Bribe Branch


You were on level 7 of the Dungeon.
You worshipped Gozag.
Gozag was pleased with you.
You visited 1 branch of the dungeon, and saw 8 of its levels.

You collected 632 gold pieces.
You paid 100 gold pieces to Gozag.

Inventory:

Hand Weapons
 a - a +2 dagger of electrocution (weapon)
 i - a +3 short sword
 q - a +0 hand crossbow
 u - a +1 war axe of flaming
 w - a +0 hunting sling
 z - a +2 dagger of draining
 C - a +2 dagger of speed
 G - a +5 vorpal hand axe
Missiles
 d - 211 stones
 h - 65 sling bullets
 j - 241 arrows
 m - 63 bolts
 v - 23 poisoned darts (quivered)
 I - 6 atropa-tipped darts
Armour
 o - a +1 helmet (worn)
 s - a +1 robe of resistance (worn)
 D - a +1 pair of gloves (worn)
 E - +0 acid dragon scales
Magical Staves
 y - a staff of earth
Jewellery
 b - a +6 ring of dexterity (left hand)
 F - an amulet of magic regeneration (around neck)
 H - an amulet of the acrobat
Wands
 p - a wand of paralysis (19)
Scrolls
 f - 2 scrolls of amnesia
 l - 3 scrolls of teleportation
 K - a scroll of magic mapping {unknown}
Potions
 c - 2 potions of degeneration {unknown}
 e - 2 potions of haste
 g - a potion of attraction {unknown}
 k - 3 potions of flight
 n - a potion of resistance {unknown}
 r - a potion of curing
 t - 4 potions of lignification
 x - a potion of cancellation {unknown}
 A - a potion of berserk rage {unknown}
 B - a potion of heal wounds
 J - a potion of magic {unknown}


   Skills:
 - Level 1.7 Dodging
 - Level 1.7 Stealth
 * Level 4.7 Spellcasting
 * Level 4.0 Conjurations
 - Level 1.0 Summonings
 * Level 2.8 Translocations
 * Level 7.8 Air Magic
 - Level 7.9 Poison Magic


You had 12 spell levels left.
You knew the following spells:

 Your Spells              Type           Power      Damage    Failure   Level
a - Magic Dart            Conj           80%        1d7       2%          1
b - Apportation           Tloc           30%        N/A       4%          1
d - Mephitic Cloud        Conj/Pois/Air  29%        N/A       2%          3

Your spell library contained the following spells:

 Spells                   Type           Power      Damage    Failure   Level
 Poisonous Vapours        Pois/Air       68%        N/A       1%          2
 Corpse Rot               Necr/Air       38%        N/A       3%          2
 Blink                    Tloc           30%        N/A       6%          2
 Summon Small Mammal      Summ           32%        N/A       9%          1
 Animate Skeleton         Necr           8%         N/A       13%         1
 Slow                     Hex            16%        N/A       13%         1
 Call Imp                 Summ           8%         N/A       13%         2
 Conjure Flame            Conj/Fire      12%        6-21      17%         3
 Hailstorm                Conj/Ice       12%        3d5       50%         4
 Ice Form                 Ice/Tmut       4%         N/A       77%         4
 Simulacrum               Ice/Necr       2%         N/A       100%        6


Dungeon Overview and Level Annotations

Branches:
Dungeon (8/15)             Temple (0/1) D:6            Lair (0/6) D:8

Altars:
Cheibriados
Dithmenos
Gozag
Kikubaaqudgha
Nemelex Xobeh
Trog
Uskayaw
Xom
Zin

Shops:
D:4 [

Annotations:
D:8 Erica, Psyche


Innate Abilities, Weirdness & Mutations

You have sharp fingernails.
You regenerate a little health from kills.
When hurt, damage is shared between your health and your magic reserves.
You regenerate magic rapidly.
When seriously injured, your blood forms armour. (AC +6)


Message History

The vampire flickers and vanishes!
Deactivating autopickup; reactivate with Ctrl-A.
You closely miss something. You closely miss something. Something hits you.
Something bites you.
Your blood congeals into armour.
Something draws strength from your injuries!
You hit something. Something hits you but does no damage. Something bites you.
Something draws strength from your injuries!
You hit something. You hit something but do no damage. Something hits you.
Something bites you.
Something draws strength from your injuries!
You barely miss something. Something hits you.
Something bites you but does no damage.
You hit something but do no damage. You closely miss something.
Something hits you! Something bites you but does no damage.
You miss something. You hit something but do no damage.
Something hits you but does no damage. Something bites you but does no damage.
You hit something but do no damage. Something hits you but does no damage.
Something bites you!
* * * LOW HITPOINT WARNING * * *
Something draws strength from your injuries!
You closely miss something. Something hits you but does no damage.
Something bites you.
Something draws strength from your injuries!
You hit something but do no damage. Your punch misses something.
You barely miss something. Something hits you.
* * * LOW HITPOINT WARNING * * *
Something barely misses you.
You hit something but do no damage. Something hits you!
* * * LOW HITPOINT WARNING * * *
Something bites you but does no damage.
You completely miss something. You hit something. Something hits you!
* * * LOW HITPOINT WARNING * * *
Something bites you but does no damage.
You hit something but do no damage. Something hits you.
You die...
Your body crumbles into a pile of gold.

##############
#............########## ##
#.#......)............#
.####.#.########.########)#
.##.....# #.# #.# .##..[..#####
#@########.####### ............#
#.{.....<......... .##.....###.#
#..#........######
.##.........####..#.#####..#
.##.#.###.........#.# #..#
###.#.# #)#.####.##.#####..######
....#.###.#.##.................>#
#####....[.......##.#####..####.#
#####.#....####.# #..# #.#


There were no monsters in sight!

Vanquished Creatures
  Pikel (D:4)
  Maggie (D:6)
  A steam dragon (D:6)
  An orc warrior (D:7)
  A black bear (D:7)
  3 ogres
  4 centaurs
  4 lemures (D:4)
  A kobold brigand (D:4)
  A bullfrog (D:7)
  6 scorpions
  A wyvern skeleton (D:7)
  A water moccasin skeleton (D:5)
  6 wights
  A vampire bat (D:4)
  A centaur zombie (D:6)
  2 jellies (D:7)
  2 orc priests
  4 hounds
  An iguana (D:5)
  Natasha (thrice) (D:3)
  Robin (D:2)
  7 gnolls (D:5)
  3 adders
  3 shadow imps
  A white imp (D:7)
  2 ufetubi
  An adder skeleton (D:4)
  2 dart slugs
  19 orcs
  5 ball pythons
  13 bats
  7 endoplasms
  5 giant cockroaches
  12 goblins
  10 hobgoblins
  2 jackals (D:3)
  28 kobolds
  5 quokkas
  3 frilled lizards
  5 rats
  A bush (D:7)
181 creatures vanquished.

Vanquished Creatures (others)
  A goblin (D:4)
  A kobold (D:4)
  59 plants (D:4)
61 creatures vanquished.

Grand Total: 242 creatures vanquished

Notes
Turn   | Place    | Note
-------+----------+-------------------------------------------
     0 | D:1      | DungeonMaster the Demonspawn Hedge Wizard began the quest
                  | for the Orb.
     0 | D:1      | Reached XP level 1. HP: 13/13 MP: 4/4
   220 | D:1      | Gained mutation: When seriously injured, your blood forms
                  | armour. (AC +6) [demonic ancestry]
   220 | D:1      | Reached XP level 2. HP: 19/19 MP: 3/6
  1032 | D:1      | Reached XP level 3. HP: 24/24 MP: 5/8
  1596 | D:2      | Learned a level 3 spell: Mephitic Cloud
  1611 | D:2      | Noticed Robin
  1873 | D:3      | Gained mutation: You regenerate magic rapidly. [demonic
                  | ancestry]
  1873 | D:3      | Reached XP level 4. HP: 30/30 MP: 3/9
  2038 | D:3      | Reached skill level 1 in Air Magic
  2038 | D:3      | Reached skill level 1 in Poison Magic
  2040 | D:3      | Noticed Natasha
  2062 | D:3      | Killed Natasha
  2168 | D:3      | Noticed Natasha
  2181 | D:3      | Killed Natasha
  2345 | D:3      | Reached XP level 5. HP: 35/35 MP: 6/10
  2370 | D:3      | Found a sparkling altar of Nemelex Xobeh.
  2463 | D:3      | Noticed Natasha
  2470 | D:3      | Killed Natasha
  3226 | D:2      | Killed Robin
  3735 | D:4      | Noticed an ogre
  3764 | D:4      | Killed an ogre
  3765 | D:4      | Gained mutation: When hurt, damage is shared between your
                  | health and your magic reserves. [demonic ancestry]
  3765 | D:4      | Reached XP level 6. HP: 41/41 MP: 4/11
  4338 | D:4      | Found Wakuigy's Antique Armour Emporium.
  4772 | D:4      | Noticed Pikel
  5331 | D:4      | Learned a level 1 spell: Apportation
  6049 | D:4      | Killed Pikel
  6050 | D:4      | Reached skill level 5 in Air Magic
  6050 | D:4      | Reached skill level 5 in Poison Magic
  6050 | D:4      | Gained mutation: You have sharp fingernails. [demonic
                  | ancestry]
  6050 | D:4      | Reached XP level 7. HP: 35/46 MP: 7/12
  6137 | D:5      | Entered Level 5 of the Dungeon
  6223 | D:5      | Reached XP level 8. HP: 52/52 MP: 6/13
  7894 | D:6      | Found an opulent altar of Gozag.
  7910 | D:6      | Became a worshipper of Gozag Ym Sagoz the Greedy
  7920 | D:6      | Noticed Maggie
  7946 | D:6      | Killed Maggie
  8278 | D:6      | Found a staircase to the Ecumenical Temple.
  8309 | D:6      | Gained mutation: You regenerate a little health from kills.
                  | [demonic ancestry]
  8309 | D:6      | Reached XP level 9. HP: 51/57 MP: 7/14
  8591 | D:6      | Reached skill level 1 in Translocations
  9323 | D:7      | Found a snail-covered altar of Cheibriados.
  9324 | D:7      | Found an ancient bone altar of Kikubaaqudgha.
  9327 | D:7      | Found a bloodstained altar of Trog.
  9878 | D:7      | Found a shadowy altar of Dithmenos.
  9880 | D:7      | Found a hide-covered altar of Uskayaw.
 10486 | D:8      | Noticed Psyche
 10524 | D:8      | Found a staircase to the Lair.
 10524 | D:8      | Noticed a death yak
 10524 | D:8      | Noticed a death yak
 10524 | D:8      | Noticed Erica
 10524 | D:8      | Noticed a manticore
 10547 | D:8      | HP: 2/53 [wight/+4 hand axe (1)]
 10628 | D:8      | Found a shimmering altar of Xom.
 10813 | D:7      | HP: 2/53 [something (5)]
 10814 | D:7      | Slain by a vampire

Illustrated notes

Levels and vault maps discovered:
D:1:      ncdulo_lavacross, layout_basic, minmay_misc_feat_iff, st_stairs_4,
          serial_bayou_pond_b
D:2:      layout_basic, st_stairs_11, kennysheep_minor_cross, uniq_robin
D:3:      layout_basic, nemelex_diamond_rough_becter, zin_treasury, uniq_natasha
D:4:      kennysheep_kobold_camp, layout_basic, roderic_batcave,
          nicolae_stop_n_shop_1, lemuel_flame_loot_1, uniq_pikel
D:5:      layout_loops_ring
D:6:      layout_cave_pools, mainiacjoe_overflow_tiny_flanked,
          minmay_temple_entry_glassed_door, uniq_maggie
D:7:      layout_loops_ring, nicolae_overflow_hidden_temple,
          chequers_serial_rivers_micro_e, st_stairs_1, kb_lookout_dungeons_type
D:8:      layout_cave_pools, mainiacjoe_overflow_small_starburst,
          dpeg_lair_monsters, gammafunk_ghost_gnarly_gnolls, minmay_crossroads,
          uniq_erica, uniq_psyche

Skill      XL: |  1  2  3  4  5  6  7  8  9 |
---------------+----------------------------+-----
Conjurations   | 2 4 |  4.0
Air Magic      | 1 2 5 7 |  7.8
Poison Magic   | 2 3 5 7 |  7.9
Translocations | 2 |  2.8
Spellcasting   | 4 |  4.7
Dodging        | |  1.7
Stealth        | |  1.7
Summonings     | |  1.0

Action                   |  1- 3 |  4- 6 |  7- 9 || total
-------------------------+-------+-------+-------++-------
Melee: Short sword       |    27 |    49 |       ||    76
       Dagger            |       |    22 |   183 ||   205
       Punch             |       |     1 |     4 ||     5
Throw: Dart              |       |     4 |    23 ||    27
 Cast: Magic Dart        |   103 |   202 |   217 ||   522
       Mephitic Cloud    |       |     9 |    29 ||    38
Evoke: Wand              |       |       |     3 ||     3
  Use: Scroll            |     2 |     5 |     5 ||    12
       Potion            |       |       |     5 ||     5
 Stab: Confused          |       |     5 |     9 ||    14
       Paralysed         |       |       |     2 ||     2
Armor: Robe              |     7 |    33 |    74 ||   114
Dodge: Dodged            |    27 |    68 |   123 ||   218
